 Dungeon Crawl Stone Soup version 0.21.1-1-g345015f (webtiles) character file.

10378 letownia2 the Impaler (level 11, -7/89 HPs)
             Began as a Merfolk Gladiator on Feb 15, 2018.
             Was a Priest of Nemelex Xobeh.
             Mangled by a wyvern (15 damage)
             ... on level 11 of the Dungeon.
             The game lasted 00:44:34 (5350 turns).

letownia2 the Impaler (Merfolk Gladiator)           Turns: 5350, Time: 00:44:36

Health: -7/89      AC: 13    Str: 17    XL:     11   Next: 61%
Magic:  14/14      EV: 19    Int:  6    God:    Nemelex Xobeh [***...]
Gold:   734        SH:  0    Dex: 16    Spells: 10/10 levels left

rFire    . . .     SeeInvis .   a - +3 halberd (elec)
rCold    . . .     Gourm    .   (shield currently unavailable)
rNeg     . . .     Faith    .   x - +3 leather armour {MR+}
rPois    .         Spirit   .   C - +2 helmet
rElec    .         Reflect  .   (no cloak)
rCorr    .         Harm     .   q - +0 pair of gloves
MR       +....                  (no boots)
Stlth    +.........             (no amulet)
HPRegen  0.24/turn              N - -2 ring of intelligence (curse)
MPRegen  0.14/turn              D - +3 ring of protection

@: confused, hasted, very quick
A: change form in water, swift swim, stealthy swim, claws 1, wild magic 1
a: Triple Draw, Renounce Religion


You were on level 11 of the Dungeon.
You worshipped Nemelex Xobeh.
Nemelex Xobeh was most pleased with you.
You were not hungry.

You visited 1 branch of the dungeon, and saw 11 of its levels.
You also visited: Bailey.

You collected 734 gold pieces.

Inventory:

Hand Weapons
 a - a +3 halberd of electrocution (weapon)
 b - a +2 halberd of electrocution
 k - a +0 spear
 H - a +0 dire flail of holy wrath
 I - a +2 halberd of electrocution
 M - a +0 trident
Missiles
 j - a throwing net (quivered)
 A - 3 javelins
Armour
 q - a +0 pair of gloves (worn)
 r - a +0 scale mail
 x - a +3 leather armour of magic resistance (worn)
 C - a +2 helmet (worn)
 J - the +0 leather armour "Peevod" {rPois rN+}
   (You found it on level 6 of the Dungeon)

   It protects you from poison.
   It protects you from negative energy.
 R - the +2 helmet of the Kraken {rF+ MR- Str+9}
   (You found it on level 10 of the Dungeon)

   It affects your strength (+9).
   It protects you from fire.
   It affects your resistance to hostile enchantments.
Jewellery
 n - a +2 ring of strength
 B - an uncursed ring of flight
 D - a +3 ring of protection (right hand)
 N - a cursed -2 ring of intelligence (left hand)
 P - a +2 ring of intelligence
Wands
 F - a wand of polymorph (8)
Scrolls
 e - 3 scrolls of enchant weapon {unknown}
 g - a scroll of enchant armour {unknown}
 h - 3 scrolls of remove curse
 i - 2 scrolls of identify
 p - a scroll of magic mapping
 s - 3 scrolls of immolation {unknown}
 u - 3 scrolls of amnesia {unknown}
 w - a scroll of blinking {unknown}
 y - 3 scrolls of teleportation
 z - a scroll of fog {unknown}
 K - a scroll of vulnerability {unknown}
Potions
 d - 2 potions of magic
 l - 4 potions of curing
 m - a potion of ambrosia
 o - 3 potions of mutation
 t - 3 potions of might
 v - a potion of experience {unknown}
 G - 3 potions of brilliance
 Q - a potion of resistance {unknown}
Miscellaneous
 L - a plain deck of summoning {drawn: 6}
 O - a legendary deck of escape
 T - a plain deck of escape {drawn: 2}
Comestibles
 f - 7 rations
 S - a chunk of flesh


   Skills:
 + Level 9.5 Fighting
 + Level 17.3 Polearms
 - Level 2.0 Throwing
 - Level 2.1 Armour
 - Level 10.8 Dodging
 - Level 4.1 Evocations


You had 10 spell levels left.
You didn't know any spells.

Dungeon Overview and Level Annotations

Branches:
Dungeon (11/15)            Temple (0/1) D:7
   Lair: D:8-11         Orc: D:9-12

Altars:
Cheibriados
Hepliaklqana
Kikubaaqudgha
Nemelex Xobeh
Okawaru
Uskayaw


Innate Abilities, Weirdness & Mutations

You revert to your normal form in water.
You are very nimble and swift while swimming.
You are very stealthy in the water. (Stealth+)
You have sharp fingernails.
Your spells are a little harder to cast, but a little more powerful.


Message History

* * * LOW HITPOINT WARNING * * *
The orc warrior hits you but does no damage.
The wyvern barely misses you.
It was a potion of mutation.
You feel extremely strange.
You feel less encumbered by your armour.
You feel more encumbered by your armour.
You feel less in control of your magic.
Your fingernails lengthen.
The orc warrior closely misses you. The wyvern bites you!
* * * LOW HITPOINT WARNING * * *
Okay, then.
Unknown command.
It was a potion of heal wounds.
You feel much better. The wyvern bites you!
* * * LOW HITPOINT WARNING * * *
The orc warrior closely misses you. The wyvern misses you.
You feel yourself speed up. The wyvern misses you.
The orc warrior completely misses you.
You are confused.
You feel invigorated. The wyvern bites you!
You die...
Your body disappears without a glow.

###.###.....#
##..#..##.(..#
##..#.#..##...#
####..#...#..##..#
##.#..#.)#..#..#..####
..z##.z#.#..#.#..#)#......
#oz.Zoo#..#.).#..#)..##.#
Y..##.Z#l##.#.#..#.#..##..
##.##@#..#..#..#..####
#######...#..##.##
##..#.#..##..# #..#..#
..## ##.### .. #.# . #


You could see an orc warrior, a wyvern, a wight and an orc.

Vanquished Creatures
  2 two-headed ogres
  An ugly thing (D:10)
  An orc knight (Bailey)
  A manticore (D:11)
  A gargoyle (D:10)
  2 trolls
  A hornet (D:11)
  A slime creature (D:10)
  A hippogriff (D:9)
  A shadow (D:11)
  5 yaks (D:10)
  Eustachio (D:4)
  A wraith (D:10)
  Edmund (D:6)
  A soldier ant (D:8)
  4 orc warriors
  2 ice beasts
  3 sky beasts
  A hornet zombie (D:10)
  3 black bears
  5 ogres
  2 centaurs (D:6)
  A big kobold (D:3)
  6 bullfrogs
  A wyvern skeleton (D:10)
  2 scorpions
  23 wights
  2 howler monkeys
  A crimson imp (D:3)
  2 centaur zombies
  3 jellies
  2 bullfrog skeletons
  4 orc priests
  4 hounds
  8 orc wizards
  2 iguanas
  7 worker ants
  A hound zombie (D:11)
  A howler monkey zombie (D:6)
  8 adders
  16 gnolls
  An ooze (D:4)
  An adder zombie (D:7)
  2 adder skeletons (D:4)
  3 worms
  A dart slug (D:2)
  6 leopard geckos
  43 orcs
  5 giant cockroaches
  5 goblins
  13 hobgoblins
  16 jackals
  26 kobolds
  3 quokkas
  3 ball pythons
  4 frilled lizards
  A giant cockroach zombie (D:5)
  A quokka zombie (D:8)
  A rat (D:2)
270 creatures vanquished.

Vanquished Creatures (collateral kills)
  The ghost of shakethe the Cleaver, a journeyman GrFi of Okawaru (D:10)
  Joseph (D:7)
  A big kobold (D:10)
  2 wights (D:10)
  A gnoll (Bailey)
  2 hobgoblins (Bailey)
8 creatures vanquished.

Grand Total: 278 creatures vanquished

Notes
Turn   | Place    | Note
-------+----------+-------------------------------------------
     0 | D:1      | letownia2 the Merfolk Gladiator began the quest for the Orb.
     0 | D:1      | Reached XP level 1. HP: 16/16 MP: 1/1
   157 | D:1      | Reached skill level 5 in Polearms
   175 | D:1      | Reached XP level 2. HP: 20/22 MP: 2/2
   228 | D:2      | Found an ancient bone altar of Kikubaaqudgha.
   395 | D:2      | Reached skill level 6 in Polearms
   395 | D:2      | Reached XP level 3. HP: 21/27 MP: 3/3
   581 | D:3      | Reached skill level 7 in Polearms
   581 | D:3      | Reached XP level 4. HP: 33/33 MP: 4/4
   685 | D:3      | Reached skill level 8 in Polearms
   685 | D:3      | Reached XP level 5. HP: 30/38 MP: 5/5
   853 | D:3      | Found a hazy altar of Hepliaklqana.
   944 | D:4      | Reached skill level 9 in Polearms
  1096 | D:3      | Reached XP level 6. HP: 28/44 MP: 6/6
  1178 | D:3      | Reached skill level 1 in Armour
  1192 | D:3      | Found a faded altar of an unknown god.
  1401 | D:4      | Noticed Eustachio
  1462 | D:4      | Reached XP level 7. HP: 49/50 MP: 7/7
  1832 | D:4      | Killed Eustachio
  1832 | D:4      | Reached skill level 10 in Polearms
  1880 | D:4      | Found a snail-covered altar of Cheibriados.
  1960 | D:4      | Reached skill level 11 in Polearms
  2052 | D:5      | Entered Level 5 of the Dungeon
  2205 | D:4      | Found a sparkling altar of Nemelex Xobeh.
  2220 | D:4      | Became a worshipper of Nemelex Xobeh the Trickster
  2356 | D:5      | Received a gift from Nemelex Xobeh
  2393 | D:5      | Reached XP level 8. HP: 38/57 MP: 8/8
  2418 | D:5      | Reached skill level 12 in Polearms
  2573 | D:6      | Noticed Edmund
  2620 | D:6      | Reached skill level 5 in Fighting
  2625 | D:6      | Reached skill level 13 in Polearms
  2641 | D:6      | Killed Edmund
  2660 | D:6      | Got a fine leather armour
  2671 | D:6      | Identified the cursed +0 leather armour "Peevod" {rPois rN+} (You found it on level 6 of the Dungeon)
  2697 | D:5      | Reached XP level 9. HP: 41/68 MP: 9/9
  2845 | D:6      | Reached skill level 5 in Dodging
  2888 | D:7      | Reached * piety under Nemelex Xobeh
  2992 | D:7      | Reached skill level 14 in Polearms
  3125 | D:7      | Found a staircase to the Ecumenical Temple.
  3156 | D:7      | Noticed Joseph
  3170 | D:7      | Killed Joseph
  3313 | D:8      | Noticed a two-headed ogre
  3348 | D:8      | Found a flagged portal.
  3359 | D:8      | Killed a two-headed ogre
  3386 | D:8      | Reached XP level 10. HP: 47/79 MP: 10/10
  3412 | D:8      | Found a hide-covered altar of Uskayaw.
  3625 | Bailey   | Entered a bailey
  3734 | Bailey   | Noticed an orc knight
  3747 | Bailey   | Killed an orc knight
  3852 | D:8      | Paralysed by a hornet for 1 turns
  3856 | D:8      | Reached skill level 15 in Polearms
  3888 | D:8      | Found an iron altar of Okawaru.
  3996 | D:9      | Reached ** piety under Nemelex Xobeh
  4253 | D:9      | Reached skill level 16 in Polearms
  4279 | D:9      | Noticed a two-headed ogre
  4351 | D:9      | Killed a two-headed ogre
  4491 | D:10     | Entered Level 10 of the Dungeon
  4662 | D:10     | Noticed a green ugly thing
  4671 | D:10     | Killed a green ugly thing
  4671 | D:10     | Reached skill level 10 in Dodging
  4671 | D:10     | Reached XP level 11. HP: 81/86 MP: 11/11
  4724 | D:10     | Noticed shakethe's ghost (journeyman GrFi)
  4762 | D:10     | Killed shakethe's ghost
  4783 | D:10     | Reached skill level 1 in Evocations
  4795 | D:10     | Received a gift from Nemelex Xobeh
  5116 | D:10     | Got a shimmering helmet
  5127 | D:10     | Identified the +2 helmet of the Kraken {rF+ MR- Str+9} (You found it on level 10 of the Dungeon)
  5185 | D:11     | Reached *** piety under Nemelex Xobeh
  5194 | D:11     | Noticed a two-headed ogre
  5194 | D:11     | Noticed a wizard
  5197 | D:11     | Noticed a manticore
  5199 | D:11     | Noticed a purple ugly thing
  5260 | D:10     | Reached skill level 17 in Polearms
  5295 | D:11     | Received a gift from Nemelex Xobeh
  5295 | D:11     | Noticed a manticore
  5302 | D:11     | Killed a manticore
  5347 | D:11     | Gained mutation: Your movements are slightly less encumbered by armour. (ER -2) [potion of mutation]
  5347 | D:11     | Lost mutation: Your movements are slightly less encumbered by armour. (ER -2) [potion of mutation]
  5347 | D:11     | Gained mutation: Your spells are a little harder to cast, but a little more powerful. [potion of mutation]
  5347 | D:11     | Gained mutation: You have sharp fingernails. [potion of mutation]
  5347 | D:11     | HP: 1/89 [wyvern (13)]
  5350 | D:11     | Mangled by a wyvern

Skill      XL: |  1  2  3  4  5  6  7  8  9 10 11 |
---------------+----------------------------------+-----
Polearms       | 5 6 7 8 9 11 13 14 16 17 | 17.3
Armour         | 2 |  2.1
Fighting       | 5 7 8 9 |  9.5
Dodging        | 8 10 | 10.8
Evocations     | 4 |  4.1
Throwing       | |  2.0

Action                   |  1- 3 |  4- 6 |  7- 9 | 10-12 || total
-------------------------+-------+-------+-------+-------++-------
Melee: Trident           |    51 |       |   339 |    53 ||   443
       Spear             |    56 |   208 |   143 |       ||   407
       Tailslap          |     1 |     5 |     3 |       ||     9
       Halberd           |       |       |       |   331 ||   331
Throw: Throwing net      |       |       |     6 |     1 ||     7
Evoke: Wand              |       |     5 |    14 |       ||    19
       Deck              |       |       |     2 |     6 ||     8
  Use: Scroll            |       |       |       |     9 ||     9
       Potion            |       |       |       |     5 ||     5
 Stab: Sleeping          |     1 |       |     1 |     3 ||     5
       Held in net/web   |       |       |     3 |       ||     3
       Distracted        |       |       |     1 |     2 ||     3
  Eat: Chunk             |       |     2 |     6 |     7 ||    15
Armor: Leather armour    |    20 |     8 |    57 |    55 ||   140
       Scale mail        |       |    20 |    18 |       ||    38
Dodge: Dodged            |    47 |    75 |   198 |   200 ||   520
